 Dungeon Crawl Stone Soup version 0.30.1-9-gdf580d7c3d (webtiles) character file.

Game seed: 6710802520873091464

5651 Amplified the Skirmisher (level 10, -13/85 (86) HPs)
             Began as a Minotaur Hexslinger on Oct 18, 2023.
             Was a Believer of Jiyva.
             Shot with a sling bullet by Joseph (18 damage)
             ... on level 7 of the Dungeon on Oct 19, 2023.
             The game lasted 00:21:16 (6859 turns).

Amplified the Skirmisher (Minotaur Hexslinger)      Turns: 6859, Time: 00:21:17

HP:   -13/85 (86)   AC:  6    Str: 15    XL:     10   Next: 46%
MP:   10/10         EV: 14    Int: 12    God:    Jiyva [**....]
Gold: 306           SH:  0    Dex: 13    Spells: 7/11 levels left

rFire   . . .        p - +3 great sword (freeze)
rCold   . . .        (shield currently unavailable)
rNeg    . . .        q - +2 robe {Will+}
rPois   .            (helmet restricted)
rElec   .            (no cloak)
rCorr   +            i - +1 pair of gloves
SInv    .            (no boots)
Will    +....        (no amulet)
Stlth   ++           f - ring of flight
HPRegen 1.30/turn    (no ring)
MPRegen 0.42/turn

%: no passive effects
@: mighty, about to teleport, flying, lightly drained
A: horns 2, retaliatory headbutt
a: Renounce Religion


You were on level 7 of the Dungeon.
You worshipped Jiyva.
Jiyva was pleased with you.
You visited 1 branch of the dungeon, and saw 7 of its levels.
You also visited: Sewer.

You collected 306 gold pieces.

Inventory:

Hand Weapons
 a - a +2 sling
 c - a +1 dagger of venom
 p - a +3 great sword of freezing (weapon)
 v - a +2 short sword of protection
Missiles
 d - 9 poisoned darts (quivered)
 h - 3 javelins
Armour
 i - a +1 pair of gloves (worn)
 q - a +2 robe of willpower (worn)
 t - a +2 robe of fire resistance
Jewellery
 f - a ring of flight (left hand)
 o - a ring of see invisible
Wands
 m - a wand of flame (4)
 y - a wand of paralysis (9)
Scrolls
 b - a scroll of poison
 j - 2 scrolls of teleportation
 l - a scroll of fear
 w - a scroll of noise
 x - a scroll of blinking
Potions
 e - a potion of flight
 g - a potion of magic
 k - a potion of brilliance
 n - 5 potions of mutation
 r - a potion of cancellation
 u - a potion of resistance


   Skills:
 + Level 7.1 Fighting
 - Level 10.2(10.5) Short Blades
 * Level 3.8(8.1) Long Blades
 * Level 12.1 Ranged Weapons
 - Level 4.0 Armour
 * Level 6.8 Dodging
 - Level 0.8 Stealth
 - Level 1.0 Spellcasting
 - Level 2.0 Hexes


You had 7 spell levels left.
You knew the following spells:

 Your Spells              Type           Power      Damage    Failure   Level
a - Slow                  Hex            20%        N/A       13%         1
b - Portal Projectile     Hex/Tloc       6%         N/A       52%         3

Your spell library contained the following spells:

 Spells                   Type           Power      Damage    Failure   Level
 Sublimation of Blood     Necr           0%         N/A       41%         2
 Wereblood                Tmut           0%         N/A       41%         2
 Inner Flame              Hex/Fire       3%         N/A       52%         3
 Stone Arrow              Conj/Erth      0%         3d7       65%         3
 Cause Fear               Hex            2%         N/A       78%         4
 Animate Armour           Summ/Erth      0%         N/A       96%         4
 Summon Hydra             Summ           0%         N/A       100%        7
 Lehudib's Crystal Spear  Conj/Erth      0%         10d2      100%        8


Dungeon Overview and Level Annotations

Branches:
Dungeon (7/15)              Sewer (visited)
 Temple: D:4-7

Altars:
Nemelex Xobeh
Uskayaw
Xom

Shops:
D:1 (   D:2 (

Annotations:
D:4 2 transporters, get wepaon?
D:7 Joseph, Menkaure


Innate Abilities, Weirdness & Mutations

You have a pair of horns on your head.
You reflexively headbutt those who attack you in melee.


Message History

The centaur shoots an arrow.
The arrow barely misses you.
The jelly hits the centaur but does no damage.
Unknown command.
The centaur unwields a +0 shortbow.
The centaur hits the jelly.
The acid corrodes the centaur!
The centaur is burned by acid!
The centaur kicks the jelly.
The centaur is burned by acid!
The centaur dies!
Unknown command.
Aiming: Paralyse
Press: ? - help, Shift-Dir - straight line, f - Joseph
Aim: Joseph, wielding a +0 sling and wearing a +0 ring mail (heavily wounded, chance to affect: 31%) Joseph easily resists.
Joseph shoots a sling bullet.
The sling bullet hits you.
Unknown command.
Aiming: Paralyse
Press: ? - help, Shift-Dir - straight line, f/p - Joseph
Aim: Joseph, wielding a +0 sling and wearing a +0 ring mail (heavily wounded, chance to affect: 31%) Joseph easily resists.
Joseph shoots a sling bullet.
The sling bullet closely misses you.
Unknown command.
Okay, then.
As you read the scroll of teleportation, it crumbles to dust.
You feel strangely unstable.
You hear a slurping noise.
The jelly splits in two!
Joseph shoots a sling bullet.
The sling bullet hits you!
* * * LOW HITPOINT WARNING * * *
Unknown command.
Okay, then.
Okay, then.
Okay, then.
Okay, then.
Joseph shoots a sling bullet.
The sling bullet hits you!
* * * LOW HITPOINT WARNING * * *
Unknown command.
Okay, then.
Okay, then.
The centaur zombie hits you but does no damage.
The centaur zombie misses you.
Joseph shoots a sling bullet.
The sling bullet hits you!!
You die...

#..###. ..## #..##...... .
...............# #
.....................######
....... .............#....#
..M....##.#.......##.......
..........#....#.##....÷(..
................# ##......#
M.z.....M.@.# #..##.....(.)
........#Z..# #.......##)#
####@#...#####......####
#)#.....###.......###
#z@.JJ.............##
♣.#.....#..............
♣.#.....J..##.......... #
♣.#...............#....
#.♣♣♣.#............####.#..


You could see Joseph, Menkaure, a centaur zombie and 3 neutral jellies (fellow
slime).

Vanquished Creatures
  A centaur warrior (D:6)
  Pikel (D:6)
  A troll (D:7)
  Prince Ribbit (D:7)
  A vampire mosquito (D:7)
  An acid dragon (D:7)
  An ice beast (D:6)
  A hornet zombie (D:7)
  2 orc warriors (D:7)
  2 sky beasts
  3 centaurs
  2 lemures (D:6)
  A water moccasin zombie (D:7)
  2 scorpions
  17 wights
  2 howler monkeys
  5 jellies
  6 orc priests
  2 centaur zombies (D:7)
  3 hounds
  Jessica (D:2)
  An iguana (D:4)
  A sleepcap (D:3)
  3 orc wizards
  2 killer bee zombies (D:7)
  Robin (D:4)
  7 adders
  2 river rats (Sewer)
  A shadow imp (D:6)
  A white imp (D:7)
  An ufetubus (D:5)
  A worm (Sewer)
  32 orcs
  5 bats
  8 endoplasms
  4 giant cockroaches
  9 goblins
  7 hobgoblins
  4 jackals (D:3)
  9 quokkas
  13 ball pythons
  4 frilled lizards
  9 kobolds
  6 rats
187 creatures vanquished.

Vanquished Creatures (others)
  Duvessa (D:5)
  An ogre (D:6)
  A centaur (D:7)
  A wight (D:5)
  Dowan (D:5)
  6 jellies (D:5)
  A hound (D:7)
  An orc priest (D:5)
  An orc wizard (D:5)
  An adder (D:5)
  An ufetubus (D:6)
  A dart slug (D:4)
  3 orcs
  A ball python (D:4)
21 creatures vanquished.

Grand Total: 208 creatures vanquished

Notes
Turn   | Place    | Note
-------+----------+-------------------------------------------
     0 | D:1      | Amplified the Minotaur Hexslinger began the quest for the
                  | Orb.
     0 | D:1      | Reached XP level 1. HP: 16/16 MP: 1/1
    20 | D:1      | Found Seroen's Antique Weapon Shop.
   213 | D:1      | Reached XP level 2. HP: 24/24 MP: 2/2
   505 | D:1      | Reached skill level 1 in Armour
  1130 | D:2      | Noticed Jessica
  1146 | D:2      | Killed Jessica
  1147 | D:2      | Reached XP level 3. HP: 30/30 MP: 3/3
  1178 | D:2      | Found Ohoh's Weapon Boutique.
  1866 | D:3      | Reached XP level 4. HP: 32/37 MP: 4/4
  2335 | D:3      | Found a faded altar of an unknown god.
  2552 | D:4      | Reached XP level 5. HP: 33/45 MP: 5/5
  2649 | D:4      | Found a transporter.
  2656 | D:4      | Found a transporter.
  2674 | D:4      | Noticed Robin
  2702 | D:4      | Killed Robin
  2735 | D:4      | Reached XP level 6. HP: 17/53 MP: 6/6
  2759 | D:4      | Found a hide-covered altar of Uskayaw.
  2830 | D:4      | Found a glowing drain.
  2863 | Sewer    | Entered a sewer
  3011 | Sewer    | Reached skill level 3 in Ranged Weapons
  3107 | Sewer    | Reached skill level 5 in Fighting
  3111 | Sewer    | Reached skill level 4 in Ranged Weapons
  3112 | Sewer    | Found a viscous altar of Jiyva.
  3199 | Sewer    | Became a worshipper of Jiyva Jafisar the Shapeless
  3649 | D:5      | Entered Level 5 of the Dungeon
  3750 | D:4      | Reached XP level 7. HP: 17/61 MP: 7/7
  3952 | D:4      | Reached skill level 1 in Short Blades
  4023 | D:4      | Learned a level 3 spell: Portal Projectile
  4284 | D:5      | Reached * piety under Jiyva
  4335 | D:5      | Noticed Duvessa
  4343 | D:5      | Noticed Dowan
  4390 | D:6      | Reached skill level 5 in Ranged Weapons
  4465 | D:6      | Found a sparkling altar of Nemelex Xobeh.
  4637 | D:6      | Reached XP level 8. HP: 65/70 MP: 8/8
  4781 | D:6      | Reached ** piety under Jiyva
  5083 | D:5      | Killed Duvessa
  5176 | D:5      | Killed Dowan
  5209 | D:5      | Reached skill level 10 in Short Blades
  5209 | D:5      | Reached skill level 11 in Ranged Weapons
  5209 | D:5      | Reached XP level 9. HP: 73/73 MP: 9/9
  5905 | D:7      | Noticed Pikel
  5977 | D:6      | Reached skill level 5 in Dodging
  6130 | D:6      | Killed Pikel
  6359 | D:7      | Reached skill level 1 in Long Blades
  6428 | D:7      | Reached XP level 10. HP: 73/82 MP: 10/10
  6428 | D:7      | Found a shimmering altar of Xom.
  6442 | D:7      | Noticed a centaur warrior
  6514 | D:6      | Killed a centaur warrior
  6562 | D:7      | Noticed Prince Ribbit
  6570 | D:7      | Killed Prince Ribbit
  6698 | D:7      | Reached skill level 12 in Ranged Weapons
  6833 | D:7      | Noticed Menkaure
  6845 | D:7      | Noticed Joseph
  6858 | D:7      | HP: 4/85 [Joseph/sling bullet (14)]
  6859 | D:7      | Shot with a sling bullet by Joseph

Illustrated notes

Levels and vault maps discovered:
D:1:      minmay_arrival_three_doors, layout_basic, serial_shops, shop,
          minivault_27
D:2:      layout_loops_corners, serial_shops, nicolae_shop_bloodbath_and_beyond,
          minivault_25, kennysheep_generic_room_12, uniq_jessica
D:3:      layout_basic, shapermc_ecumenical_altar_venn
D:4:      gammafunk_steamed_eel, layout_basic,
          mainiacjoe_overflow_six_doors_small, cheibrodos_sewer_entry_sluice,
          serial_aquarium, aquarium_bridge_square [aquarium_subvault_wall,
          aquarium_subvault_bridge, aquarium_subvault_wall,
          aquarium_subvault_bridge], aquarium_window_fake, aquarium_window_1,
          aquarium_view_2c, aquarium_balcony_3b, aquarium_pool_four, uniq_robin
D:5:      layout_loops_ring, uniq_duvessa
D:6:      layout_loops_ring, kennysheep_mini_moat, kennysheep_generic_room_9
D:7:      nzn_winding_woodlands_small [nzn_winding_woodlands_5x15_concentric,
          nzn_winding_woodlands_center_garden,
          nzn_winding_woodlands_5x15_garden], layout_cave_pools,
          overflow_temple_1_default, temple_fountains, serial_undead,
          serial_undead_c, serial_undead_e, serial_undead_c, serial_undead_e,
          serial_undead_d, serial_undead_b, serial_undead_e, serial_undead_f,
          uniq_menkaure, uniq_joseph, uniq_prince_ribbit1, uniq_pikel

Skill      XL: |  1  2  3  4  5  6  7  8  9 10 |
---------------+-------------------------------+-----
Armour         | 1 2 3 4 |  4.0
Fighting       | 2 3 4 5 6 7 |  7.1
Dodging        | 3 4 6 |  6.8
Ranged Weapons | 4 5 11 12 | 12.1
Short Blades   | 3 10 | 10.2
Long Blades    | 2 3 |  3.8
Stealth        | |  0.8
Spellcasting   | |  1.0
Hexes          | |  2.0

Action                     |  1- 3 |  4- 6 |  7- 9 | 10-12 || total
---------------------------+-------+-------+-------+-------++-------
  Melee: Great sword       |       |       |    46 |    72 ||   118
         Headbutt          |       |       |    10 |    18 ||    28
   Fire: Sling             |    81 |   204 |   283 |       ||   568
  Throw: Dart              |       |       |     7 |     1 ||     8
   Cast: Slow              |       |    11 |       |       ||    11
  Evoke: Wand              |       |    18 |     6 |     2 ||    26
    Use: Scroll            |     7 |     5 |     8 |     2 ||    22
         Potion            |       |     3 |     7 |     1 ||    11
   Stab: Distracted        |       |       |     1 |       ||     1
 Armour: Ring mail         |     7 |     3 |       |       ||    10
         Robe              |       |    41 |    91 |    20 ||   152
         Skin              |       |    26 |       |       ||    26
  Dodge: Dodged            |    30 |   109 |   182 |    88 ||   409
